General information
- name: BNet
- type: Ladder team game (AT/RT)
- host: Battle.net
- saver: TheTwaCorbies
map: Deadlock
- players: 8
- length: 55:14
- speed: Fast
- version: 1.26 W3XP
- replay type: Public
» download(348 KB)
Players
team 1 (loser)

»
the_retarded (
green | 119 APM | 2765 actions | 23:15)
4 Beastmaster
2 Summon Quilbeast
2 Summon Hawk
2 Shadow Hunter
1 Hex
1 Healing Wave
» actions
| Assign group hotkey | 101 | |
| Basic commands | 193 | |
| Build / train | 92 | |
| ESC pressed | 2 | |
| Enter build submenu | 30 | |
| Enter hero's abilities submenu | 6 | |
| Remove unit from queue | 1 | |
| Right click | 894 | |
| Select / deselect | 479 | |
| Select group hotkey | 799 | |
| Use ability | 168 | |
2765 total
» units
| Peon | 8 | |
| Grunt | 14 | |
| Acolyte | 2 | |
| Crypt Fiend | 6 | |
| Troll Batrider | 17 | |
| Ghoul | 2 | |
| Raider | 2 | |
51 total
» upgrades
| Berserker Strength | 1 | |
| Web | 1 | |
| Ensnare | 1 | |
| Creature Carapace | 1 | |
4 total
» buildings
| Barracks | 1 | |
| Orc Burrow | 8 | |
| Altar of Storms | 1 | |
| Voodoo Lounge | 1 | |
| Stronghold | 2 | |
| War Mill | 1 | |
| Watch Tower | 1 | |
| Beastiary | 3 | |
| Crypt | 1 | |
| Ziggurat | 1 | |
| Black Citadel | 3 | |
| Sacrificial Pit | 1 | |
| Fortress | 2 | |
| Boneyard | 3 | |
29 total
» build order
00:13 Barracks
00:24 Orc Burrow
01:09 Altar of Storms
01:32 Orc Burrow
02:54 Voodoo Lounge
07:54 Stronghold
07:54 Stronghold
08:08 War Mill
08:38 Orc Burrow
09:22 Watch Tower
10:16 Beastiary
10:27 Orc Burrow
12:20 Beastiary
13:11 Crypt
14:55 Orc Burrow
15:54 Beastiary
18:32 Ziggurat
19:07 Black Citadel
19:07 Black Citadel
19:09 Sacrificial Pit
20:05 Fortress
20:05 Fortress
21:29 Boneyard
21:30 Boneyard
21:41 Orc Burrow
22:17 Boneyard
23:01 Orc Burrow
23:03 Orc Burrow
» items
| Healing Salve | 5 | |
| Lesser Clarity Potion | 6 | |
| Scroll of Speed | 3 | |
| Scroll of Town Portal | 1 | |
15 total

»
mr.whoisnewb (
purple | 59 APM | 1683 actions | 28:37)
4 Shadow Hunter
2 Hex
2 Healing Wave
1 Tauren Chieftain
1 Endurance Aura
2 Lich
1 Frost Nova
1 Dark Ritual
» actions
| Assign group hotkey | 20 | |
| Basic commands | 72 | |
| Build / train | 72 | |
| Enter build submenu | 31 | |
| Enter hero's abilities submenu | 7 | |
| Remove unit from queue | 1 | |
| Right click | 538 | |
| Select / deselect | 343 | |
| Select group hotkey | 517 | |
| Use ability | 82 | |
1683 total
» units
| Peon | 10 | |
| Grunt | 12 | |
| Troll Headhunter/Berserker | 1 | |
| Ghoul | 2 | |
| Raider | 1 | |
| Troll Batrider | 2 | |
| Crypt Fiend | 4 | |
32 total
» upgrades
| Pillage | 1 | |
| Melee Weapons | 2 | |
| Armor | 2 | |
| Spiked Barricades | 1 | |
| Berserker Strength | 1 | |
| Ensnare | 1 | |
| Creature Attack | 2 | |
| Creature Carapace | 1 | |
11 total
» buildings
| Orc Burrow | 6 | |
| Barracks | 1 | |
| Altar of Storms | 1 | |
| Voodoo Lounge | 1 | |
| War Mill | 1 | |
| Graveyard | 1 | |
| Crypt | 1 | |
| Ziggurat | 5 | |
| Watch Tower | 2 | |
| Stronghold | 1 | |
| Altar of Darkness | 1 | |
| Spirit Tower | 2 | |
| Beastiary | 2 | |
| Fortress | 1 | |
| Halls of the Dead | 1 | |
| Great Hall | 1 | |
28 total
» build order
00:07 Orc Burrow
00:09 Barracks
00:44 Orc Burrow
01:29 Altar of Storms
03:00 Orc Burrow
03:28 Voodoo Lounge
03:49 War Mill
04:34 Orc Burrow
07:56 Graveyard
07:57 Crypt
07:59 Ziggurat
07:59 Ziggurat
08:59 Watch Tower
10:01 Watch Tower
10:02 Stronghold
11:23 Altar of Darkness
11:25 Ziggurat
11:26 Ziggurat
11:28 Spirit Tower
12:52 Beastiary
14:06 Orc Burrow
14:49 Fortress
15:56 Beastiary
16:04 Spirit Tower
16:06 Ziggurat
16:15 Halls of the Dead
19:51 Orc Burrow
23:44 Great Hall
» items
| Healing Salve | 3 | |
| Scroll of Speed | 3 | |
| Lesser Clarity Potion | 3 | |
| Scroll of Town Portal | 2 | |
| Potion of Lesser Invulnerability | 1 | |
| Scroll of Protection | 1 | |
13 total
Alien4WorstEver (
pink | 59 APM | 3236 actions | 55:14)
10 Blademaster
3 Wind Walk
3 Critical Strike
1 Bladestorm
3 Mirror Image
2 Shadow Hunter
1 Healing Wave
1 Hex
» actions
| Assign group hotkey | 44 | |
| Basic commands | 63 | |
| Build / train | 118 | |
| Enter build submenu | 65 | |
| Enter hero's abilities submenu | 13 | |
| Give item / drop item | 7 | |
| Remove unit from queue | 1 | |
| Right click | 1612 | |
| Select / deselect | 594 | |
| Select group hotkey | 462 | |
| Use ability | 257 | |
3236 total
» units
| Peon | 21 | |
| Grunt | 8 | |
| Wind Rider | 4 | |
| Troll Batrider | 9 | |
| Demolisher | 2 | |
44 total
» upgrades
| Armor | 3 | |
| Ranged Weapons | 3 | |
| Reinforced Defenses | 1 | |
| Liquid Fire | 1 | |
| Spiked Barricades | 3 | |
| Berserker Strength | 0 | |
| Envenomed Spears | 1 | |
| Ensnare | 1 | |
| Pillage | 1 | |
| Melee Weapons | 1 | |
15 total
» buildings
| Orc Burrow | 4 | |
| Altar of Storms | 1 | |
| Barracks | 3 | |
| Voodoo Lounge | 3 | |
| Stronghold | 1 | |
| War Mill | 4 | |
| Great Hall | 4 | |
| Beastiary | 3 | |
| Watch Tower | 41 | |
| Fortress | 1 | |
65 total
» build order
00:11 Orc Burrow
00:51 Altar of Storms
00:52 Barracks
01:08 Orc Burrow
01:46 Voodoo Lounge
02:56 Stronghold
04:01 War Mill
04:49 Great Hall
05:46 Beastiary
05:48 Beastiary
05:51 Orc Burrow
05:54 Orc Burrow
08:13 Watch Tower
08:19 Watch Tower
09:21 Fortress
10:50 Watch Tower
10:50 Watch Tower
10:51 Watch Tower
10:54 Watch Tower
10:55 Watch Tower
11:12 Beastiary
14:07 Watch Tower
14:07 Watch Tower
14:08 Watch Tower
14:54 War Mill
19:29 War Mill
23:22 Watch Tower
23:22 Watch Tower
23:23 Watch Tower
23:56 Great Hall
23:58 Watch Tower
23:59 Watch Tower
24:00 Watch Tower
24:00 Watch Tower
24:34 Watch Tower
24:35 Watch Tower
24:36 Watch Tower
24:39 Watch Tower
25:56 Watch Tower
25:59 Watch Tower
29:00 Voodoo Lounge
30:41 Great Hall
30:46 Watch Tower
30:47 Watch Tower
30:48 Watch Tower
30:49 Watch Tower
32:14 Watch Tower
32:15 Watch Tower
32:21 Watch Tower
32:21 Watch Tower
32:29 War Mill
32:56 Barracks
32:57 Barracks
33:51 Voodoo Lounge
49:03 Watch Tower
49:04 Watch Tower
49:05 Watch Tower
49:06 Watch Tower
49:10 Watch Tower
49:11 Watch Tower
49:11 Watch Tower
49:13 Watch Tower
49:14 Watch Tower
49:14 Watch Tower
52:52 Great Hall
» items
| Healing Salve | 5 | |
| Lesser Clarity Potion | 9 | |
| Orb of Lightning | 1 | |
| Scroll of Town Portal | 11 | |
| Staff of Teleportation | 2 | |
| Periapt of Vitality | 1 | |
| Potion of Mana | 7 | |
| Potion of Healing | 6 | |
| Boots of Speed | 1 | |
43 total
team 2 (winner)
BserTheClown (
orange | 44 APM | 2452 actions | 55:14)
7 Tauren Chieftain
3 War Stomp
3 Endurance Aura
1 Reincarnation
» actions
| Basic commands | 136 | |
| Build / train | 116 | |
| Enter build submenu | 28 | |
| Enter hero's abilities submenu | 7 | |
| Remove unit from queue | 2 | |
| Right click | 1362 | |
| Select / deselect | 681 | |
| Use ability | 119 | |
2452 total
» units
| Peon | 21 | |
| Grunt | 5 | |
| Raider | 14 | |
| Shaman | 3 | |
| Troll Witch Doctor | 3 | |
| Tauren | 3 | |
| Troll Headhunter/Berserker | 25 | |
74 total
» upgrades
| Pillage | 1 | |
| Spiked Barricades | 1 | |
| Melee Weapons | 2 | |
| Armor | 2 | |
| Berserker Strength | 1 | |
| Ensnare | 1 | |
| Shaman Training | 2 | |
| Witch Doctor Training | 2 | |
| Berserker Upgrade | 1 | |
| Troll Regeneration | 1 | |
| Ranged Weapons | 2 | |
| Pulverize | 1 | |
| Reinforced Defenses | 1 | |
18 total
» buildings
| Orc Burrow | 6 | |
| Barracks | 2 | |
| Altar of Storms | 2 | |
| War Mill | 1 | |
| Voodoo Lounge | 1 | |
| Great Hall | 6 | |
| Stronghold | 1 | |
| Beastiary | 2 | |
| Spirit Lodge | 2 | |
| Fortress | 2 | |
| Tauren Totem | 2 | |
| Watch Tower | 2 | |
29 total
» build order
00:22 Orc Burrow
00:40 Barracks
01:18 Orc Burrow
01:25 Altar of Storms
03:10 War Mill
03:32 Voodoo Lounge
04:16 Great Hall
04:47 Stronghold
05:18 Orc Burrow
07:19 Beastiary
07:22 Beastiary
08:01 Spirit Lodge
08:15 Spirit Lodge
10:13 Great Hall
10:57 Orc Burrow
11:15 Fortress
11:16 Fortress
13:54 Tauren Totem
13:57 Tauren Totem
14:13 Orc Burrow
15:54 Orc Burrow
17:44 Great Hall
19:35 Watch Tower
19:43 Watch Tower
22:24 Great Hall
26:50 Barracks
32:19 Great Hall
35:52 Great Hall
42:13 Altar of Storms
» items
| Healing Salve | 2 | |
| Scroll of Speed | 3 | |
| Scroll of Town Portal | 3 | |
| Potion of Healing | 1 | |
| Orb of Lightning | 1 | |
10 total
pinchegame (
red | 68 APM | 3780 actions | 55:14)
5 Blademaster
2 Wind Walk
3 Critical Strike
4 Shadow Hunter
2 Hex
2 Healing Wave
3 Tauren Chieftain
2 Endurance Aura
1 Shockwave
» actions
| Assign group hotkey | 86 | |
| Basic commands | 675 | |
| Build / train | 95 | |
| ESC pressed | 1 | |
| Enter build submenu | 19 | |
| Enter hero's abilities submenu | 13 | |
| Give item / drop item | 6 | |
| Remove unit from queue | 1 | |
| Right click | 811 | |
| Select / deselect | 613 | |
| Select group hotkey | 1280 | |
| Use ability | 180 | |
3780 total
» units
| Peon | 23 | |
| Wind Rider | 12 | |
| Raider | 4 | |
| Chimaera | 1 | |
40 total
» upgrades
| Ranged Weapons | 2 | |
| Envenomed Spears | 1 | |
| Reinforced Defenses | 1 | |
| Armor | 3 | |
| Ensnare | 1 | |
| Pillage | 1 | |
| Melee Weapons | 3 | |
| Spiked Barricades | 2 | |
14 total
» buildings
| Altar of Storms | 1 | |
| Orc Burrow | 9 | |
| War Mill | 1 | |
| Voodoo Lounge | 1 | |
| Stronghold | 2 | |
| Beastiary | 4 | |
| Fortress | 1 | |
| Great Hall | 1 | |
| Watch Tower | 20 | |
40 total
» build order
00:12 Altar of Storms
00:20 Orc Burrow
00:23 Orc Burrow
00:38 War Mill
01:10 Voodoo Lounge
02:35 Stronghold
02:35 Stronghold
03:03 Orc Burrow
04:14 Orc Burrow
05:42 Beastiary
05:42 Beastiary
07:33 Orc Burrow
07:52 Fortress
08:52 Orc Burrow
11:23 Orc Burrow
13:17 Orc Burrow
14:18 Great Hall
19:20 Orc Burrow
20:31 Watch Tower
20:32 Watch Tower
20:32 Watch Tower
20:33 Watch Tower
20:34 Watch Tower
20:35 Watch Tower
22:14 Watch Tower
22:15 Watch Tower
22:15 Watch Tower
22:15 Watch Tower
22:16 Watch Tower
22:16 Watch Tower
30:14 Watch Tower
30:15 Watch Tower
30:16 Watch Tower
30:17 Watch Tower
30:18 Watch Tower
30:19 Watch Tower
30:20 Watch Tower
30:23 Watch Tower
35:26 Beastiary
35:27 Beastiary
» items
| Healing Salve | 6 | |
| Lesser Clarity Potion | 7 | |
| Boots of Speed | 2 | |
| Orb of Lightning | 2 | |
| Potion of Healing | 1 | |
| Potion of Mana | 1 | |
| Dust of Appearance | 1 | |
| Scroll of Town Portal | 1 | |
21 total
korand124 (
yellow | 69 APM | 3223 actions | 46:30)
4 Keeper of the Grove
2 Force of Nature
2 Entangling Roots
4 Priestess of the Moon
2 Scout
2 Trueshot Aura
» actions
| Assign group hotkey | 27 | |
| Basic commands | 393 | |
| Build / train | 106 | |
| ESC pressed | 26 | |
| Enter build submenu | 49 | |
| Enter hero's abilities submenu | 8 | |
| Right click | 1036 | |
| Select / deselect | 500 | |
| Select group hotkey | 951 | |
| Use ability | 127 | |
3223 total
» units
| Wisp | 44 | |
| Hippogryph | 23 | |
| Chimaera | 12 | |
79 total
» upgrades
| Strength of the Wild | 3 | |
| Reinforced Hides | 3 | |
| Corrosive Breath | 1 | |
| Ultravision | 1 | |
| Well Spring | 1 | |
9 total
» buildings
| Altar of Elders | 2 | |
| Moon Well | 15 | |
| Hunter's Hall | 2 | |
| Tree of Ages | 5 | |
| Tree of Eternity | 3 | |
| Ancient of Wind | 5 | |
| Chimaera Roost | 5 | |
| Tree of Life | 9 | |
| Ancient Protector | 2 | |
48 total
» build order
00:09 Altar of Elders
00:17 Moon Well
01:12 Moon Well
02:05 Moon Well
02:11 Hunter's Hall
03:06 Moon Well
03:07 Tree of Ages
04:03 Moon Well
05:45 Moon Well
05:47 Tree of Eternity
05:53 Ancient of Wind
06:52 Moon Well
07:14 Moon Well
07:28 Ancient of Wind
07:32 Moon Well
08:43 Moon Well
08:45 Chimaera Roost
08:47 Chimaera Roost
11:22 Tree of Life
11:25 Tree of Life
13:26 Moon Well
13:58 Tree of Life
14:56 Moon Well
16:47 Tree of Life
19:49 Tree of Ages
22:38 Tree of Eternity
22:44 Ancient of Wind
23:01 Tree of Ages
23:01 Tree of Ages
23:19 Tree of Life
23:36 Ancient Protector
23:40 Ancient Protector
23:58 Tree of Life
26:05 Tree of Life
29:17 Altar of Elders
31:10 Tree of Life
32:47 Moon Well
33:35 Tree of Ages
33:44 Moon Well
34:50 Hunter's Hall
35:05 Moon Well
36:09 Ancient of Wind
36:11 Tree of Eternity
39:07 Chimaera Roost
39:09 Chimaera Roost
39:23 Ancient of Wind
39:30 Tree of Life
42:56 Chimaera Roost
TheTwaCorbies (
blue | 105 APM | 5826 actions | 55:14)
6 Archmage
3 Summon Water Elemental
2 Brilliance Aura
1 Mass Teleport
» actions
| Assign group hotkey | 183 | |
| Basic commands | 483 | |
| Build / train | 249 | |
| ESC pressed | 12 | |
| Enter build submenu | 61 | |
| Enter hero's abilities submenu | 6 | |
| Give item / drop item | 14 | |
| Right click | 2418 | |
| Select / deselect | 736 | |
| Select group hotkey | 1268 | |
| Use ability | 396 | |
5826 total
» units
| Peasant | 29 | |
| Footman | 10 | |
| Gryphon Rider | 18 | |
| Dragonhawk Rider | 3 | |
| Siege Engine | 3 | |
| Mortar Team | 3 | |
66 total
» upgrades
| Masonry | 3 | |
| Lumber Harvesting | 2 | |
| Swords | 3 | |
| Animal War Training | 1 | |
| Armor | 3 | |
| Storm Hammers | 1 | |
| Cloud | 1 | |
| Gunpowder | 3 | |
| Plating | 1 | |
18 total
» buildings
| Altar of Kings | 1 | |
| Barracks | 1 | |
| Farm | 13 | |
| Lumber Mill | 2 | |
| Scout Tower | 31 | |
| Arcane Vault | 1 | |
| Arcane Tower | 2 | |
| Guard Tower | 79 | |
| Keep | 2 | |
| Blacksmith | 1 | |
| Castle | 2 | |
| Town Hall | 4 | |
| Gryphon Aviary | 2 | |
| Workshop | 2 | |
143 total
» build order
00:51 Altar of Kings
00:54 Barracks
00:57 Farm
01:05 Farm
01:20 Farm
02:00 Farm
02:14 Lumber Mill
02:32 Scout Tower
02:46 Arcane Vault
03:28 Farm
03:32 Arcane Tower
04:40 Scout Tower
05:09 Guard Tower
05:12 Scout Tower
05:52 Guard Tower
05:52 Guard Tower
06:19 Keep
06:20 Keep
06:44 Scout Tower
06:47 Scout Tower
07:15 Guard Tower
07:15 Guard Tower
07:16 Guard Tower
07:16 Guard Tower
07:16 Guard Tower
08:29 Blacksmith
09:46 Castle
10:28 Town Hall
10:36 Guard Tower
10:36 Guard Tower
10:36 Guard Tower
10:41 Guard Tower
10:41 Guard Tower
10:41 Guard Tower
10:42 Guard Tower
10:42 Guard Tower
10:55 Gryphon Aviary
11:00 Gryphon Aviary
11:50 Scout Tower
11:51 Scout Tower
11:55 Scout Tower
12:03 Scout Tower
12:06 Scout Tower
13:25 Guard Tower
13:25 Guard Tower
13:26 Guard Tower
13:26 Guard Tower
13:26 Guard Tower
13:27 Guard Tower
13:27 Guard Tower
13:37 Guard Tower
13:37 Guard Tower
16:05 Farm
16:06 Farm
23:51 Scout Tower
23:52 Scout Tower
23:53 Scout Tower
23:54 Farm
23:55 Farm
23:57 Farm
24:01 Scout Tower
24:02 Farm
24:02 Farm
24:20 Farm
24:37 Guard Tower
25:01 Guard Tower
25:01 Guard Tower
25:02 Guard Tower
27:03 Town Hall
27:04 Scout Tower
27:05 Scout Tower
27:06 Scout Tower
27:07 Scout Tower
27:08 Scout Tower
27:10 Scout Tower
27:32 Guard Tower
27:32 Guard Tower
27:32 Guard Tower
27:33 Guard Tower
27:33 Guard Tower
27:59 Guard Tower
27:59 Guard Tower
27:59 Guard Tower
28:01 Guard Tower
28:01 Guard Tower
28:01 Guard Tower
30:17 Guard Tower
30:17 Guard Tower
30:17 Guard Tower
30:17 Guard Tower
30:29 Guard Tower
30:30 Guard Tower
30:30 Guard Tower
30:30 Guard Tower
32:18 Scout Tower
32:19 Scout Tower
32:19 Scout Tower
32:21 Guard Tower
32:21 Guard Tower
32:27 Scout Tower
32:27 Scout Tower
32:29 Scout Tower
36:16 Scout Tower
36:17 Scout Tower
36:17 Scout Tower
36:33 Scout Tower
36:35 Scout Tower
36:46 Guard Tower
36:46 Guard Tower
36:46 Guard Tower
37:09 Guard Tower
37:09 Guard Tower
37:09 Guard Tower
37:10 Guard Tower
42:59 Town Hall
43:15 Town Hall
47:56 Workshop
48:00 Workshop
48:08 Lumber Mill
» items
| Scroll of Regeneration | 19 | |
| Lesser Clarity Potion | 6 | |
| Mechanical Critter | 3 | |
| Ivory Tower | 4 | |
| Periapt of Vitality | 2 | |
| Boots of Speed | 1 | |
| Staff of Teleportation | 1 | |
| Scroll of Town Portal | 5 | |
| Potion of Mana | 2 | |
| Potion of Healing | 4 | |
| Potion of Lesser Invulnerability | 1 | |
| Healing Salve | 2 | |
50 total
Chat log
(00:21 / Allies) korand124: i hate being on the edge :(
(00:24 / All) TheTwaCorbies: the_retarded is your real name jake?
(00:41 / Allies) pinchegame: uits?
(00:41 / All) korand124: he also whats your phone number and your shoe size
(00:47 / Allies) korand124: nah u it niggah
(01:00 / All) Alien4WorstEver: I know a retard named Jacob Campbell
(01:03 / All) Alien4WorstEver: Quite a coincidence
(04:12 / Allies) korand124: ?
(06:34 / All) TheTwaCorbies: stop lagigng jesus wtf'
(07:38 / Allies) korand124: clear for me please
(07:43 / All) TheTwaCorbies: go away you retarded faggot
(14:46 / Allies) korand124: they wasted their bats on 3 hippos
(20:37 / All) TheTwaCorbies: holy shit that's a lotta fiends
(21:33 / Allies) BserTheClown: no
(21:35 / Allies) TheTwaCorbies: hit top
(21:41 / All) korand124: glgl
(21:42 / Allies) TheTwaCorbies: kill the mass fiend leaver
(21:43 / Allies) korand124: gogo
(23:29 / All) korand124: pink should go play solo lol
(24:32 / Allies) korand124: blue why the fuck u kill mny shit?
(24:50 / Allies) korand124: ...
(25:00 / All) korand124: lol blue is team killing
(25:10 / All) TheTwaCorbies: You lose
(25:11 / All) TheTwaCorbies: faggots
(25:11 / All) TheTwaCorbies: out
(26:00 / All) korand124: i guess this is what he think's is fun lol
(26:06 / Allies) TheTwaCorbies: thanks for tping your army into the meatgrinder orange
(26:20 / All) Alien4WorstEver: am I to understand that you doon't find tking fun?
(26:21 / All) mr.whoisnewb: fun is in the eyes of the bee holder
(26:29 / All) TheTwaCorbies: exactly purple
(26:39 / Allies) korand124: red try to kill pink quick
(26:50 / Allies) TheTwaCorbies: he couldn't if he wanted to
(27:13 / Allies) korand124: so why teamkill now neway?
(27:34 / Allies) TheTwaCorbies: to make you lose
(27:40 / Allies) korand124: why now though? lol
(27:45 / Allies) korand124: why not just do it in the beginning
(27:49 / Allies) TheTwaCorbies: that's no fun
(27:54 / Allies) korand124: ...
(27:55 / Allies) korand124: lol
(27:56 / Allies) korand124: ok
(28:07 / All) korand124: well gg
(28:12 / All) korand124: we almost won 5v3
(28:29 / All) Alien4WorstEver: not too bright red
(28:29 / All) mr.whoisnewb: pwnt
(28:30 / All) korand124: 5v3 + one person pretty much has invuln on
(28:33 / All) Alien4WorstEver: revelaing low mana bm
(28:40 / All) korand124: lol. pink i dont think it matters
(28:47 / All) Alien4WorstEver: It does matter
(28:52 / All) Alien4WorstEver: He brought dishonor to his family
(29:40 / All) korand124: RUN ANCIENT OF WIN
(29:41 / All) korand124: D
(29:43 / All) korand124: RUN!!!!
(29:53 / All) Alien4WorstEver: It's nice not having to play with a third stabber, that doesn't undersatnd the nuances of stabbing
(30:03 / All) TheTwaCorbies: Agreed
(30:06 / All) TheTwaCorbies: 2 gets you much better games
(30:09 / All) Alien4WorstEver: and name calls because he is too ignorant to understand
(30:37 / Allies) korand124: red and oj
(30:47 / Allies) korand124: just go mass windriders and finish off pink lol
(31:29 / Allies) korand124: red share cont?
(31:48 / Allies) korand124: red share controll please
(32:19 / Allies) korand124: red share control
(32:23 / Allies) korand124: i can micro better than u
(34:16 / Allies) korand124: stick toghter
(34:20 / Allies) korand124: and kikll pink
(34:47 / Allies) TheTwaCorbies: thanks for misclicking his burrwo for me btw
(35:12 / All) korand124: pink are you jus tkiling time while waiting for blue to finish us off?
(35:22 / All) Alien4WorstEver: hmm?
(35:35 / Allies) TheTwaCorbies: also nice wyverns left behind
(35:39 / Allies) TheTwaCorbies: thanks for 2 free wyvs
(35:49 / Allies) korand124: red is pretty terribad at micro
(35:50 / Allies) TheTwaCorbies: you aren't getting more
(37:23 / Allies) korand124: oj stop with headhunters
(39:17 / Allies) TheTwaCorbies: you aren't getting that expo but if you did I have 5k stockpiled
(39:39 / Allies) korand124: red what are u doing?
(40:20 / Allies) TheTwaCorbies: won't have your heroes for long buddy
(40:23 / Allies) TheTwaCorbies: hope that gold was well spent
(41:12 / Allies) TheTwaCorbies: nice try
(44:04 / All) korand124: meh fuck it
(44:08 / All) TheTwaCorbies: out noob
(44:12 / All) korand124: they shoulda stopped blue by now
(44:12 / All) TheTwaCorbies: so are you
(44:13 / All) korand124: and kill u
(44:16 / All) TheTwaCorbies: out
(44:21 / All) korand124: but they are terrible.. even with me feeding them thousands of gold lol
(44:22 / All) TheTwaCorbies: out and uninstall scrub
(45:12 / All) Alien4WorstEver: I have 10k
(45:14 / All) Alien4WorstEver: I could get an army
(46:46 / All) TheTwaCorbies: He killed a few of my units then left
(47:13 / All) Alien4WorstEver: owned
(47:27 / All) TheTwaCorbies: I wish my noob team would leave already
(47:33 / All) BserTheClown: does it matter
(47:40 / All) BserTheClown: that wont happen
(47:48 / All) Alien4WorstEver: that mirror image was slick and perfectly timed
(47:51 / All) Alien4WorstEver: I must pat myself on the back
(48:11 / All) Alien4WorstEver: hexed wrong chim lel
(49:28 / All) Alien4WorstEver: never give up!@@
(49:45 / All) TheTwaCorbies: red long disatnce mining LOL
(51:41 / All) Alien4WorstEver: red's attacking with peons lol
(51:57 / All) TheTwaCorbies: don't worry red you can still win'
(52:00 / All) TheTwaCorbies: it's not over yet
(52:03 / All) TheTwaCorbies: your peons can save the day
(52:13 / All) Alien4WorstEver: level 6 bm and level 6 sh vs peons
(52:15 / All) Alien4WorstEver: Peons got this
(53:04 / All) Alien4WorstEver: This was a good game
(53:18 / All) TheTwaCorbies: It was closer than I thought it would be didn't expect my team to fight so much
(53:22 / All) TheTwaCorbies: good thing I got mass tp
(53:23 / All) Alien4WorstEver: The inverse of Alien 4 which is the biggest piece of shit ever
(53:30 / All) TheTwaCorbies: I saw that once years ago
(53:32 / All) TheTwaCorbies: never again
(53:39 / All) Alien4WorstEver: Joss Wedon is a hack
(53:59 / All) Alien4WorstEver: sh with boots is faster than reg bm
(54:28 / All) TheTwaCorbies: anything to say for yourselves red and orange?
(54:52 / All) TheTwaCorbies: Guess not